 Dungeon Crawl Stone Soup version 0.18.1-50-g88ac8fd (webtiles) character file.

116 Monkfish the Covert (level 5, -1/31 HPs)
             Began as a Kobold Assassin on Oct 21, 2016.
             Slain by a gnoll
             ... wielding a +0 whip
              (4 damage)
             ... on level 2 of the Dungeon.
             The game lasted 00:05:31 (1785 turns).

Monkfish the Covert (Kobold Assassin)               Turns: 1785, Time: 00:05:32

Health: -1/31      AC:  4    Str: 11    XL:     5   Next: 21%
Magic:  5/5        EV: 19    Int:  9    God:
Gold:   64         SH:  0    Dex: 22    Spells: 0 memorised, 4 levels left

rFire  . . .     SeeInvis .     a - +2 dagger
rCold  . . .     Gourm    .     l - +0 leather armour
rNeg   . . .     Faith    .     (shield restricted)
rPois  .         Spirit   .     (no helmet)
rElec  .         Dismiss  .     d - +0 cloak
rCorr  .         Reflect  .     (no gloves)
SustAt .         Harm     .     (no boots)
MR     .....                    (no amulet)
Stlth  ++++++....               (no ring)
                                (no ring)

@: agile, not resistant to hostile enchantments, very stealthy
A: carnivore 3
a: no special abilities


You were on level 2 of the Dungeon.
You were very full.

You visited 1 branch of the dungeon, and saw 2 of its levels.

You collected 64 gold pieces.

Inventory:

Hand Weapons
 a - a +2 dagger (weapon)
 b - a +0 blowgun
Missiles
 e - 17 poisoned needles
 f - 2 curare-tipped needles
Armour
 d - a +0 cloak (worn)
 l - a +0 leather armour (worn)
Scrolls
 j - a scroll of magic mapping
 m - a scroll of remove curse
Potions
 c - a potion of haste {unknown}
 i - a potion of agility
 k - a potion of heal wounds {unknown}
 n - a potion of cancellation {unknown}
Comestibles
 g - 2 meat rations
 q - a beef jerky


   Skills:
 + Level 2.5 Fighting
 + Level 3.2 Short Blades
 - Level 2.1 Throwing
 - Level 1.2 Dodging
 * Level 8.0 Stealth


You had 4 spell levels left.
You didn't know any spells.

Dungeon Overview and Level Annotations

Branches:
Dungeon (2/15)

Altars:
Sif Muna
Yredelemnul


Innate Abilities, Weirdness & Mutations

You are small and have problems with some larger weapons.
You are carnivorous and can eat meat at any time.


Message History

You hit the gnoll but do no damage.
The gnoll is almost dead.
The gnoll closely misses you. The gnoll barely misses you.
Drink which item? (? for menu, Esc to quit)
You feel better. The gnoll closely misses you. The gnoll barely misses you.
You hit the gnoll but do no damage.
The gnoll is almost dead.
You hit the gnoll.
You kill the gnoll!
The gnoll hits you with a whip.
* * * LOW HITPOINT WARNING * * *
Drink which item? (? for menu, Esc to quit)
It was a potion of agility.
You feel agile all of a sudden. The gnoll hits you with a whip.
* * * LOW HITPOINT WARNING * * *
You hit the gnoll.
The gnoll is severely wounded.
The gnoll hits you with a whip.
You die...

...##...##.g...###.#
#.....###.####[#
#####.##........##.#
##..##.
###...†..##.#
#....#. #.g..)....#
#_.⌠.## #......####
#.....#####......#
##...†#..........##
#8..@g†..........##
##....#............#
#.....####..†...#.##
#_.⌠.##
#......#[.### #....#
##........... ##..##
######[..... ####
#...... #......
#......


You could see a gnoll.

Vanquished Creatures
  Terence (D:2)
  A gnoll (D:2)
  3 adders
  2 oozes (D:1)
  2 dart slugs
  2 giant geckos
  8 bats
  3 giant cockroaches (D:1)
  2 goblins (D:1)
  5 hobgoblins
  2 quokkas (D:2)
  2 giant newts (D:1)
  4 kobolds
  7 rats
44 creatures vanquished.

Notes
Turn   | Place    | Note
--------------------------------------------------------------
     0 | D:1      | Monkfish the Kobold Assassin began the quest for the Orb.
     0 | D:1      | Reached XP level 1. HP: 12/12 MP: 1/1
   144 | D:1      | Reached XP level 2. HP: 8/17 MP: 2/2
   347 | D:1      | Reached skill level 6 in Stealth
   417 | D:1      | Reached XP level 3. HP: 22/22 MP: 3/3
  1175 | D:1      | Reached skill level 7 in Stealth
  1175 | D:1      | Reached XP level 4. HP: 19/27 MP: 4/4
  1502 | D:2      | Noticed Terence
  1527 | D:2      | Killed Terence
  1585 | D:2      | Reached XP level 5. HP: 27/31 MP: 5/5
  1595 | D:2      | Reached skill level 8 in Stealth
  1706 | D:2      | Found a deep blue altar of Sif Muna.
  1706 | D:2      | Found a basalt altar of Yredelemnul.
  1785 | D:2      | Slain by a gnoll

Skill      XL: |  1  2  3  4  5 |
---------------+----------------+-----
Stealth        | 6 7 8 |  8.0
Short Blades   | 3 |  3.2
Fighting       | |  2.5
Throwing       | |  2.1
Dodging        | |  1.2

Action                   |  1- 3 |  4- 6 || total
-------------------------+-------+-------++-------
Melee: Dagger            |    78 |    55 ||   133
 Fire: Blowgun           |       |     2 ||     2
  Use: Scroll            |     6 |       ||     6
       Potion            |     1 |     2 ||     3
 Stab: Sleeping          |    12 |     5 ||    17
  Eat: Chunk             |     9 |     1 ||    10
Armor: Robe              |    18 |       ||    18
       Leather armour    |     4 |    10 ||    14
Dodge: Dodged            |    54 |    31 ||    85
